 Dungeon Crawl Stone Soup version 0.28-a0-616-gdeb3d7f7b4 (webtiles) character file.

Game seed: 18145957425104820517

13 KristoblXynda the Slasher (level 2, -1/25 HPs)
             Began as a Draconian Gladiator on Oct 6, 2021.
             Frozen to death by an endoplasm (4 damage)
             ... on level 1 of the Dungeon.
             The game lasted 00:00:23 (406 turns).

KristoblXynda the Slasher (Draconian Gladiator)      Turns: 406, Time: 00:00:23

Health: -1/25      AC:  4    Str: 16    XL:     2   Next: 24%
Magic:  2/2        EV: 12    Int:  8    God:
Gold:   15         SH:  0    Dex: 12    Spells: 1/1 levels left

rFire   . . .      SeeInvis .   a - +0 long sword
rCold   . . .      Faith    .   (no shield)
rNeg    . . .      Spirit   .   (armour unavailable)
rPois   .          Reflect  .   b - +0 hat
rElec   .          Harm     .   (no cloak)
rCorr   .          Rampage  .   (no gloves)
Will    .....                   (no boots)
Stlth   +.........              (no amulet)
HPRegen 0.08/turn               (no ring)
MPRegen 0.08/turn               (no ring)

@: slowed, very slow
A: AC +4, unfitting armour, cold-blooded
a: no special abilities


You were on level 1 of the Dungeon.
You visited 1 branch of the dungeon, and saw 1 of its levels.

You collected 15 gold pieces.

Inventory:

Hand Weapons
 a - a +0 long sword (weapon)
Missiles
 c - 3 throwing nets (quivered)
Armour
 b - a +0 hat (worn)
Scrolls
 e - a scroll of noise {unknown}
 f - a scroll of identify {unknown}
 g - a scroll of vulnerability {unknown}
Potions
 d - 2 potions of curing {unknown}


   Skills:
 + Level 2.5 Fighting
 * Level 3.2 Long Blades
 - Level 2.0 Throwing
 + Level 2.9 Dodging


You had one spell level left.
You didn't know any spells.
Your spell library was empty.

Dungeon Overview and Level Annotations

Branches:
Dungeon (1/15)

Altars:


Innate Abilities, Weirdness & Mutations

Your plain brown scales are hard. (AC +4)
You cannot fit into any form of body armour.
You are cold-blooded and may be slowed by cold attacks.


Message History

The giant cockroach bites you but does no damage.
You hit the giant cockroach but do no damage.
The ball python bites you but does no damage.
The ball python grabs you. The ball python constricts you.
The endoplasm barely misses you. The ball python barely misses you.
The ball python constricts you.
The giant cockroach bites you but does no damage.
You slash the ball python!
You kill the ball python!
The giant cockroach closely misses you. The endoplasm freezes you.
You are frozen.
You feel yourself slow down. The kobold closely misses you.
The giant cockroach barely misses you.
You slash the giant cockroach!
You kill the giant cockroach!
The endoplasm freezes you.
You are frozen.
You feel as though you will be slow longer.
The kobold hits you but does no damage.
The endoplasm hits you but does no damage.
The kobold barely misses you.
The endoplasm jiggles.
The kobold hits you with a +0 dagger.
You closely miss the kobold. You tail-slap the kobold.
The kobold is severely wounded.
The kobold hits you with a +0 dagger. x2
* * * LOW HITPOINT WARNING * * *
You hit the kobold.
You kill the kobold!
The endoplasm misses you.
You hit the endoplasm.
Your tail-slap misses the endoplasm.
The endoplasm is severely wounded.
The endoplasm freezes you.
You are frozen.
* * * LOW HITPOINT WARNING * * *
You feel as though you will be slow longer.
The endoplasm barely misses you. The endoplasm freezes you.
You are frozen.
You die...

#............
#.....†...#
###########.........###
.......................
##.########..........##
#.# #####..###.# #.#
##...###.# #.#
##........##. #.#
#..#.@....?.. ##.#
##.##J.#####. ##.#
#..#)## ##.# #.#..#
##.# #.##)# ...##
#............. #...###
#.#.##.#...... ......#
# #........ #...#.# .#
### .....


You could see an endoplasm.

Vanquished Creatures
  2 ball pythons (D:1)
  A giant cockroach (D:1)
  A goblin (D:1)
  2 hobgoblins (D:1)
  3 kobolds (D:1)
  4 rats (D:1)
13 creatures vanquished.

Notes
Turn   | Place    | Note
-------+----------+-------------------------------------------
     0 | D:1      | KristoblXynda the Draconian Gladiator began the quest for
                  | the Orb.
     0 | D:1      | Reached XP level 1. HP: 17/17 MP: 1/1
   380 | D:1      | Reached XP level 2. HP: 25/25 MP: 2/2
   406 | D:1      | Frozen to death by an endoplasm

Illustrated notes

Levels and vault maps discovered:
D:1:      tarquinn_simple_flora_water_c, layout_loops_ring

Skill      XL: |  1 |
---------------+----+-----
Throwing       | 2 |  2.0
Fighting       | |  2.5
Long Blades    | |  3.2
Dodging        | |  2.9

Action                   || total
-------------------------++-------
Melee: Long sword        ||    32
       Tailslap          ||     2
Armor: Skin              ||    10
Dodge: Dodged            ||    28

Table legend: (Time is in decaauts)
 A = Elapsed time spent in this place.
 B = Non-inter-level travel time spent in this place.
 C = Inter-level travel time spent in this place.
 D = Time resting spent in this place.
 E = Time spent auto-exploring this place.
 F = Levels seen in this place.
 G = Mean time per level.
                   A        B        C        D        E       F      G
               +--------+--------+--------+--------+--------+-----+--------+
         Total |    417 |    417 |      0 |      0 |    334 |   1 |  417.0 |
       Dungeon |    417 |    417 |      0 |      0 |    334 |   1 |  417.0 |
               +--------+--------+--------+--------+--------+-----+--------+

Top non-repeatable levels by time:
     D:1: 417 daAuts
